 Dungeon Crawl Stone Soup version 0.30-a0-1103-g25895a7845 (webtiles) character file.

Game seed: 4268083312978430375

44 qeuew the Trooper (level 3, 0/33 HPs)
             Began as a Hill Orc Fighter on Apr 18, 2023.
             Was an Initiate of Nemelex Xobeh.
             Slain by a gnoll
             ... wielding a +1 flail of pain
             ... led by a gnoll bouda
              (5 damage)
             ... on level 2 of the Dungeon.
             The game lasted 00:01:49 (1893 turns).

qeuew the Trooper (Hill Orc Fighter)                Turns: 1893, Time: 00:01:49

Health: 0/33       AC:  7    Str: 18 (19) XL:     3   Next: 60%
Magic:  3/3        EV:  9    Int:  6 (7)  God:    Nemelex Xobeh [......]
Gold:   121        SH:  5    Dex: 13 (14) Spells: 2/2 levels left

rFire   . . .      SeeInvis .    a - +0 war axe
rCold   . . .      Faith    .    c - +0 buckler
rNeg    . . .      Spirit   .    b - +0 scale mail
rPois   .          Reflect  .    (no helmet)
rElec   .          Rampage  .    (no cloak)
rCorr   .                        (no gloves)
Will    .....                    (no boots) Stlth
                                 (no amulet)
HPRegen 0.25/turn                (no ring)
MPRegen 0.08/turn                (no ring)

@: no status effects
A: fangs 1, agile 1, deterioration 1, MP-powered wands
a: Renounce Religion, Draw Escape, Draw Destruction, Draw Summoning


You were on level 2 of the Dungeon.
You worshipped Nemelex Xobeh.
Nemelex Xobeh was noncommittal.
You visited 1 branch of the dungeon, and saw 3 of its levels.

You collected 121 gold pieces.

Inventory:

Hand Weapons
 a - a +0 war axe (weapon)
Missiles
 h - a throwing net (quivered)
Armour
 b - a +0 scale mail (worn)
 c - a +0 buckler (worn)
Scrolls
 e - a scroll of teleportation
 j - a scroll of amnesia
Potions
 d - a potion of might
 i - 2 potions of berserk rage


   Skills:
 * Level 4.1 Fighting
 * Level 3.6 Axes
 * Level 3.7 Armour
 + Level 0.4 Dodging
 + Level 3.5 Shields
 + Level 0.0 Invocations


You had 2 spell levels left.
You didn't know any spells.
Your spell library contained the following spells:

 Spells                   Type           Power      Damage    Failure   Level
 Sandblast                Erth           0%         2d4       90%         1
 Blink                    Tloc           0%         N/A       97%         2
 Lesser Beckoning         Tloc           0%         N/A       97%         2
 Momentum Strike          Conj/Tloc      0%         3d8       97%         2
 Passwall                 Tmut/Erth      0%         N/A       97%         2
 Stone Arrow              Conj/Erth      0%         3d7       99%         3


Dungeon Overview and Level Annotations

Branches:
Dungeon (3/15)

Altars:
Nemelex Xobeh

Shops:
D:1 !


Innate Abilities, Weirdness & Mutations

You have very sharp teeth.
You are agile. (Dex +4, Str/Int -1)
Your body sometimes deteriorates upon taking damage.
You expend magic power (3 MP) to strengthen your wands.


Message History

You block the gnoll's attack.
You barely miss the gnoll.
The gnoll hits you with a +1 flail of pain.
Your body deteriorates!
You feel dopey. The gnoll hits you but does no damage.
You barely miss the gnoll.
The gnoll hits you with a +1 flail of pain.
The gnoll hits you from afar with a +2 vampiric spear.
You closely miss the gnoll. The gnoll closely misses you.
The gnoll hits you with a +1 flail of pain.
Your body deteriorates!
You feel clumsy.
The gnoll bouda gazes fiercely through you!
You feel your attacks grow feeble. The gnoll hits you but does no damage.
The gnoll hits you from afar with a +0 spear.
The gnoll hits you but does no damage.
The gnoll bouda barks out a call to the hunt!
The gnolls pick up the pace!
The gnoll attacks as you move away! You block the gnoll's attack.
Your attacks no longer feel as feeble.
The gnoll bouda gazes fiercely through you!
You feel your attacks grow feeble.
The gnoll hits you with a +1 flail of pain!
* * * LOW HITPOINT WARNING * * *
There is a stone staircase leading up, spattered with blood here.
The gnoll hits you with a +1 flail of pain.
* * * LOW HITPOINT WARNING * * *
You writhe in agony.
* * * LOW HITPOINT WARNING * * *
You climb upwards.
There is a stone staircase leading down here.
You barely miss the gnoll.
Your attacks no longer feel as feeble.
The gnoll completely misses you.
You closely miss the gnoll. You bite the gnoll.
The gnoll is lightly wounded.
The gnoll hits you but does no damage.
The gnoll hits you with a +1 flail of pain.
You die...
Your body disappears without a glow.

#.##........# #######
#.##........# #.##........#
#.##........# #.##........#
#.########### #.# #.##########
###...g@.....#
#.........##.########
#.......#.##.......<#
#.......#....##.....####
#.......+...............
#.......#######.....#...
#.########..........###.
##########.# #..............#
#.
#..........####.###.....#.####
#.


You could see a gnoll (swift).

Vanquished Creatures
  An adder (D:2)
  A dart slug (D:1)
  2 ball pythons
  4 endoplasms
  A giant cockroach (D:1)
  5 goblins
  2 hobgoblins (D:2)
  2 jackals (D:1)
  2 kobolds (D:2)
  2 quokkas (D:1)
  3 bats
  3 frilled lizards
  2 rats
30 creatures vanquished.

Notes
Turn   | Place    | Note
-------+----------+-------------------------------------------
     0 | D:1      | qeuew the Hill Orc Fighter began the quest for the Orb.
     0 | D:1      | Reached XP level 1. HP: 19/19 MP: 1/1
   160 | D:1      | Found a faded altar of an unknown god.
   236 | D:1      | Found Abeown's Distillery.
   271 | D:1      | Reached XP level 2. HP: 27/27 MP: 2/2
   718 | D:1      | Reached skill level 4 in Fighting
   980 | D:1      | Gained mutation: You are agile. (Dex +4, Str/Int -1)
                  | [potion of mutation]
   980 | D:1      | Gained mutation: Your body sometimes deteriorates upon
                  | taking damage. [potion of mutation]
   980 | D:1      | Gained mutation: You have very sharp teeth. [potion of
                  | mutation]
   980 | D:1      | Gained mutation: You expend magic power (3 MP) to
                  | strengthen your wands. [potion of mutation]
  1014 | D:2      | Reached XP level 3. HP: 33/33 MP: 3/3
  1274 | D:2      | Found a sparkling altar of Nemelex Xobeh.
  1408 | D:2      | Became a worshipper of Nemelex Xobeh the Trickster
  1893 | D:2      | Slain by a gnoll

Illustrated notes

Levels and vault maps discovered:
D:1:      amcnicky_arrival_double_pillar, layout_basic,
          shapermc_ecumenical_altar_mp_vishouse, serial_shops, shop,
          minmay_tromino_i2
D:2:      layout_basic, basic_altar
D:3:      layout_basic, nicolae_eternal_life, minmay_misc_feat_room,
          grunt_decor_fettered, nicolae_concentric_dashed_squares_mild,
          nicolae_grassy_gnolls

Skill      XL: |  1  2 |
---------------+-------+-----
Axes           | 3 |  3.6
Fighting       | 4 |  4.1
Armour         | |  3.7
Dodging        | |  0.4
Shields        | |  3.5

Action                     || total
---------------------------++-------
  Melee: War axe           ||    68
         Bite              ||     3
    Use: Scroll            ||     6
         Potion            ||     6
 Armour: Scale mail        ||    34
  Dodge: Dodged            ||    28
  Block: Buckler           ||    18

Table legend: (Time is in decaauts)
 A = Elapsed time spent in this place.
 B = Non-inter-level travel time spent in this place.
 C = Inter-level travel time spent in this place.
 D = Time resting spent in this place.
 E = Time spent auto-exploring this place.
 F = Levels seen in this place.
 G = Mean time per level.
                   A        B        C        D        E       F      G
               +--------+--------+--------+--------+--------+-----+--------+
         Total |   1929 |   1827 |    102 |     46 |   1512 |   3 |  643.0 |
       Dungeon |   1929 |   1827 |    102 |     46 |   1512 |   3 |  643.0 |
               +--------+--------+--------+--------+--------+-----+--------+

Top non-repeatable levels by time:
     D:1: 1029 daAuts
     D:2: 884 daAuts
     D:3: 15 daAuts
